 Dungeon Crawl Stone Soup version 0.25-a0-435-g4b9beb1024 (webtiles) character file.

Game seed: 6832175273074584043, levelgen mode: deterministic

1810 kae the Martial Artist (level 9, -4/47 HPs)
             Began as a Tengu Transmuter on Jan 29, 2020.
             Slain by a phantom (9 damage)
             ... on level 7 of the Dungeon.
             The game lasted 00:06:08 (8132 turns).

kae the Martial Artist (Tengu Transmuter)           Turns: 8132, Time: 00:06:09

Health: -4/47      AC:  3    Str: 11    XL:     9   Next: 10%
Magic:  18/22      EV: 13    Int: 16    God:
Gold:   602        SH:  0    Dex: 18    Spells: 1/12 levels left

rFire    . . .     SeeInvis .   r - +3 mace of Texur {vorpal, rPois MR+ MP+9 Int+3} (curse)
rCold    . . .     Gourm    .   (no shield)
rNeg     . . .     Faith    .   b - +1 robe
rPois    +         Spirit   .   (helmet restricted)
rElec    .         Reflect  .   (no cloak)
rCorr    .         Harm     .   (no gloves)
MR       +....                  (boots unavailable)
Stlth    ++........             (no amulet)
HPRegen  0.15/turn              (no ring)
MPRegen  0.18/turn              (no ring)

@: no status effects
A: beak, talons 3, able to fly
a: Fly


You were on level 7 of the Dungeon.
You were not hungry.

You visited 1 branch of the dungeon, and saw 7 of its levels.

You collected 602 gold pieces.

Inventory:

Hand Weapons
 h - a +3 whip of venom
 r - the cursed +3 mace of Texur (weapon) {vorpal, rPois MR+ MP+9 Int+3}
   (You found it on level 5 of the Dungeon)

   It inflicts extra damage upon your enemies.
   It affects your intelligence (+3).
   It protects you from poison.
   It affects your resistance to hostile enchantments.
   It affects your magic capacity (+9).
   It has a curse placed upon it.
Missiles
 a - 23 arrows
 k - 2 throwing nets (quivered)
Armour
 b - a +1 robe (worn)
Jewellery
 t - a +5 ring of strength {unknown}
 x - a cursed -3 ring of dexterity {unknown}
 y - an uncursed ring of poison resistance {unknown}
Wands
 f - a wand of polymorph (1)
 i - a wand of iceblast (8)
Scrolls
 e - a scroll of magic mapping
 l - 3 scrolls of random uselessness
 n - a scroll of fear
 o - a scroll of teleportation
 p - a scroll of amnesia
 s - a scroll of fog
 v - a scroll of identify
Potions
 c - 4 potions of curing
 g - a potion of degeneration
 j - 5 potions of heal wounds
 m - a potion of agility
 q - a potion of lignification
Comestibles
 d - 12 rations


   Skills:
 - Level 1.0 Fighting
 - Level 2.1 Dodging
 * Level 10.7 Unarmed Combat
 - Level 2.0 Spellcasting
 + Level 5.7 Transmutations


You had one spell level left.
You knew the following spells:

 Your Spells              Type           Power        Failure   Level  Hunger
a - Beastly Appendage     Tmut           ###...       1%          1    #......
b - Sticks to Snakes      Tmut           ###.....     3%          2    ###....
c - Spider Form           Tmut/Pois      ##........   19%         3    ###....
d - Blade Hands           Tmut           ###.......   50%         5    ######.

Your spell library contained the following spells:

 Spells                   Type           Power        Failure   Level  Hunger
 Ice Form                 Ice/Tmut       ##......     54%         4    #####..


Dungeon Overview and Level Annotations

Branches:
Dungeon (7/15)
 Temple: D:4-7

Altars:
Ashenzari
Dithmenos
Okawaru
Qazlal


Innate Abilities, Weirdness & Mutations

You have a beak for a mouth.
You have claws for feet.
You can fly continuously.


Message History

The phantom is too close now for your liking.
Your adder closely misses the phantom.
Your adder barely misses the phantom.
The phantom hits your adder.
Your adder dies!
Your adder bites the phantom but does no damage.
Your adder closely misses the phantom.
Casting: Sticks to Snakes (safe; 3% risk of failure)
Confirm with . or Enter, or press ? or * to list all spells.
You create a snake!
You now have 23 arrows.
Your adder closely misses the phantom.
The phantom hits you!
* * * LOW HITPOINT WARNING * * *
Your adder bites the phantom.
You catch the helpless phantom completely off-guard!
You hit the phantom. Your kick misses the phantom.
Your peck misses the phantom.
The phantom is severely damaged.
The phantom hits you.
* * * LOW HITPOINT WARNING * * *
Your adder closely misses the phantom.
The phantom hits you!
You die...

. ... ...
..... ....
.... ...
...
#.########
...
#........#
#..S...<#
#..W....#
#..S@..%#
#.......#
#.......#
#########


You could see a phantom, a friendly adder and a friendly ball python.

Vanquished Creatures
  Prince Ribbit (D:6)
  Grinder (D:3)
  An ice beast (D:7)
  An orc warrior (D:6)
  3 sky beasts (D:6)
  A phantom (D:5)
  A black bear (D:7)
  A necrophage (D:5)
  A wight (D:6)
  2 crimson imps (D:5)
  A jelly (D:6)
  2 hounds
  2 iguanas
  2 orc wizards (D:6)
  4 worker ants
  A killer bee zombie (D:5)
  A gnoll (D:1)
  13 adders
  2 shadow imps (D:5)
  An ooze (D:2)
  2 adder skeletons
  5 worms
  3 dart slugs (D:1)
  2 leopard geckos
  15 orcs
  5 giant cockroaches
  7 goblins
  9 hobgoblins
  9 jackals
  11 kobolds
  3 quokkas
  3 ball pythons
  10 bats
  9 frilled lizards
  A giant cockroach zombie (D:5)
  A jackal zombie (D:5)
  A quokka skeleton (D:4)
  2 rats
140 creatures vanquished.

Notes
Turn   | Place    | Note
-------+----------+-------------------------------------------
     0 | D:1      | kae the Tengu Transmuter began the quest for the Orb.
     0 | D:1      | Reached XP level 1. HP: 12/12 MP: 4/4
   238 | D:1      | Reached XP level 2. HP: 14/16 MP: 4/6
   329 | D:1      | Reached skill level 4 in Unarmed Combat
   621 | D:1      | Reached XP level 3. HP: 16/20 MP: 5/7
  1713 | D:2      | Reached XP level 4. HP: 14/25 MP: 6/8
  2009 | D:2      | Reached skill level 5 in Unarmed Combat
  2854 | D:2      | Gained mutation: You can fly continuously. [Tengu growth]
  2854 | D:2      | Reached XP level 5. HP: 21/29 MP: 7/9
  3135 | D:2      | Found a stormy altar of Qazlal.
  3385 | D:3      | Learned a level 2 spell: Sticks to Snakes
  3389 | D:3      | Learned a level 3 spell: Spider Form
  3842 | D:3      | Noticed Grinder
  3854 | D:3      | Paralysed by Grinder for 5 turns
  3865 | D:3      | Killed Grinder
  3865 | D:3      | Reached skill level 6 in Unarmed Combat
  3865 | D:3      | Reached XP level 6. HP: 34/34 MP: 10/10
  4447 | D:4      | Reached skill level 7 in Unarmed Combat
  4723 | D:4      | Reached XP level 7. HP: 30/38 MP: 9/11
  4928 | D:4      | Found an iron altar of Okawaru.
  5031 | D:5      | Entered Level 5 of the Dungeon
  5206 | D:5      | Got a twisted mace
  5357 | D:5      | Identified the cursed +3 mace of Texur {vorpal, rPois MR+
                  | MP+9 Int+3} (You found it on level 5 of the Dungeon)
  5943 | D:5      | Reached skill level 8 in Unarmed Combat
  6211 | D:6      | Reached XP level 8. HP: 24/43 MP: 12/12
  6460 | D:6      | Reached skill level 9 in Unarmed Combat
  6793 | D:6      | Found a shadowy altar of Dithmenos.
  6793 | D:6      | Noticed Prince Ribbit
  6806 | D:6      | Killed Prince Ribbit
  6806 | D:6      | Reached skill level 5 in Transmutations
  7331 | D:6      | Reached skill level 10 in Unarmed Combat
  7506 | D:6      | Found a shattered altar of Ashenzari.
  7923 | D:7      | Reached XP level 9. HP: 43/47 MP: 13/13
  7991 | D:6      | Learned a level 5 spell: Blade Hands
  8132 | D:7      | Slain by a phantom

Levels and vault maps discovered:
D:1:      elethiomel_arrival_maze, layout_basic, minmay_shallow_snake_nest
D:2:      layout_basic, nicolae_overflow_hidden_temple
D:3:      layout_loops_ring, uniq_grinder
D:4:      layout_cave_pools, okawaru_metal_pillars_1_2, first_ration,
          due_unseen_surprise
D:5:      minmay_polygon_palace, layout_basic
D:6:      layout_layer_cave, lemuel_round_altar, basic_altar,
          nicolae_benzene_ring, uniq_prince_ribbit1
D:7:      layout_rooms, grunt_temple_overflow_gold_and_silver,
          lemuel_doored_altar, minmay_temple_entry_fiery,
          gammafunk_ghost_cemetery

Skill      XL: |  1  2  3  4  5  6  7  8 |
---------------+-------------------------+-----
Unarmed Combat | 4 5 6 7 8 10 | 10.7
Transmutations | 2 3 4 5 |  5.7
Fighting       | |  1.0
Dodging        | |  2.1
Spellcasting   | |  2.0

Action                   |  1- 3 |  4- 6 |  7- 9 || total
-------------------------+-------+-------+-------++-------
Melee: Unarmed           |     8 |       |    56 ||    64
       Kick              |     7 |    35 |    27 ||    69
       Peck              |     4 |    24 |    13 ||    41
       Whip              |    52 |   167 |    39 ||   258
       Headbutt          |     5 |     5 |     9 ||    19
       Punch             |       |     3 |     3 ||     6
       Mace              |       |       |    68 ||    68
 Cast: Beastly Appendage |     8 |    22 |    13 ||    43
       Spider Form       |       |       |     9 ||     9
       Sticks to Snakes  |       |       |     6 ||     6
  Use: Scroll            |     7 |     6 |     7 ||    20
       Potion            |       |     3 |       ||     3
 Stab: Sleeping          |     3 |       |       ||     3
       Distracted        |       |       |     1 ||     1
  Eat: Chunk             |     3 |     6 |    13 ||    22
       Ration            |       |     1 |       ||     1
Armor: Robe              |    18 |    20 |    13 ||    51
       Skin              |       |     3 |     1 ||     4
Dodge: Dodged            |    47 |   104 |   112 ||   263

Table legend:
 A = Non-vault XP
 B = Vault XP
 C = Vault XP percentage of total XP
 D = Non-vault monster count
 E = Vault monster count
 F = Vault count percentage of total count
                 A         B        C        D         E       F
            +---------+---------+-------+---------+---------+-------
      Total |    1961 |     626 |  24.2 |     130 |      10 |   7.1
            +---------+---------+-------+---------+---------+-------
        D:1 |      65 |       0 |   0.0 |      27 |       0 |   0.0
        D:2 |     126 |       0 |   0.0 |      29 |       0 |   0.0
        D:3 |      90 |     277 |  75.5 |      24 |       1 |   4.0
        D:4 |     103 |       0 |   0.0 |      13 |       0 |   0.0
        D:5 |     439 |      63 |  12.5 |      15 |       8 |  34.8
        D:6 |     785 |     286 |  26.7 |      16 |       1 |   5.9
        D:7 |     353 |       0 |   0.0 |       6 |       0 |   0.0
            +---------+---------+-------+---------+---------+-------
